 Dungeon Crawl Stone Soup version 0.31-a0-79-g9ec6622867 (webtiles) character file.

Game seed: 5354027821928091769

1712 Kenran the Grappler (level 8, -2/62 HPs)
             Began as a Vampire Fighter on May 24, 2023.
             Was an Initiate of Ashenzari.
             Slain by Maggie
             ... wielding a +2 broad axe of flaming
              (13 damage)
             ... on level 7 of the Dungeon.
             The game lasted 00:11:08 (5637 turns).

Kenran the Grappler (Vampire Fighter)               Turns: 5637, Time: 00:11:08

Health: -2/62      AC: 11    Str: 17    XL:     8   Next: 74%
Magic:  8/8        EV:  8    Int: 11    God:    Ashenzari [......]
Gold:   330        SH:  5    Dex: 13    Spells: 7/7 levels left

rFire   . .          .
                       - Unarmed
rCold   + . .        b - +0 buckler
rNeg    + . .        x - +0 chain mail {rC+}
rPois   +            (no helmet)
rElec   .            B - +0 cloak
rCorr   .            (no gloves)
SInv    +            d - +0 pair of boots of the Lashed Sybil {Bglg, Melee} (curse)
Will    .....        (no amulet) Stlth
                     e - ring of poison resistance
HPRegen 0.50/turn    j - ring of positive energy
MPRegen 0.11/turn

%: no passive effects
@: healing quickly
A: alive, fangs 3, see invisible, vampiric 2
a: Exsanguinate, Renounce Religion, Curse Item, Shatter the Chains


You were on level 7 of the Dungeon.
You worshipped Ashenzari.
Ashenzari was noncommittal.
You visited 1 branch of the dungeon, and saw 7 of its levels.

You collected 330 gold pieces.

Inventory:

Missiles
 f - 15 poisoned darts (quivered)
Armour
 b - a +0 buckler (worn)
 d - the cursed +0 pair of boots of the Lashed Sybil (worn) {Bglg, Melee}
   (You found it on level 1 of the Dungeon)

   It has a curse which improves the following skills: Beguiling: Conjurations,
   Hexes and Translocations.
   Melee Combat: Short Blades, Long Blades, Axes, Maces & Flails, Polearms,
   Staves and Unarmed Combat.
 x - a +0 chain mail of cold resistance (worn)
 B - a +0 cloak (worn)
Jewellery
 e - a ring of poison resistance (left hand)
 j - a ring of positive energy (right hand)
Wands
 r - a wand of roots (3)
 y - a wand of flame (26)
 z - a wand of light (6)
Scrolls
 i - 5 scrolls of enchant weapon
 l - a scroll of teleportation
 p - a scroll of magic mapping {unknown}
 q - 2 scrolls of enchant armour {unknown}
 t - a scroll of fog
 u - a scroll of noise {unknown}
 v - a scroll of fear {unknown}
 A - a scroll of identify {@r1}
Potions
 a - a potion of enlightenment {unknown}
 c - 3 potions of might
 g - a potion of ambrosia {unknown}
 h - 3 potions of heal wounds {unknown}
 k - 2 potions of lignification {!q}
 m - 2 potions of curing {@q1}
 n - a potion of resistance {unknown}
 o - 2 potions of mutation {unknown}
 s - a potion of invisibility {unknown}
 w - 2 potions of brilliance {unknown}


   Skills:
 - Level 5.0 Fighting
 - Level 3.0 Armour
 + Level 3.3 Dodging
 - Level 4.0 Shields
 - Level 10.0(10.3) Unarmed Combat


You had 7 spell levels left.
You didn't know any spells.
Your spell library contained the following spells:

 Spells                   Type           Power      Damage    Failure   Level
 Magic Dart               Conj           0%         1d3       99%         1
 Call Imp                 Summ           0%         N/A       100%        2
 Poisonous Vapours        Pois/Air       0%         N/A       100%        2
 Dazzling Flash           Conj/Hex       0%         N/A       100%        3
 Mephitic Cloud           Conj/Pois/Air  0%         N/A       100%        3
 Volatile Blastmotes      Fire/Tloc      0%         2d10      100%        3
 Iskenderun's Mystic Bla  Conj/Tloc      0%         2d3       100%        4
 Freezing Cloud           Conj/Ice/Air   0%         6-21      100%        5
 Starburst                Conj/Fire      0%         6d3       100%        6


Dungeon Overview and Level Annotations

Branches:
Dungeon (7/15)             Temple (0/1) D:7

Altars:
Ashenzari
Makhleb
Ru
Xom
Yredelemnul

Shops:
D:6 [

Annotations:
D:7 1 runed translucent door, Maggie


Innate Abilities, Weirdness & Mutations

Your natural rate of healing is accelerated.
You have razor-sharp teeth.
You have supernaturally acute eyesight. (SInv)
You are afflicted with vampirism and can become a bat while bloodless.


Message History

You open the door.
There is an open door here.
Maggie the Vainglorious comes into view.
She is wielding a +2 broad axe of flaming.
Maggie shouts!
Aiming: Fastroot
Press: ? - help, Shift-Dir - straight line, f - Maggie
Aim: Maggie, wielding a +2 broad axe of flaming and wearing +0 steam dragon scales The roots erupt in riotous growth!
Roots grab Maggie.
The grasping roots constrict Maggie.
Maggie escapes!
Aiming: Bolt of Light
Press: ? - help, Shift-Dir - straight line, f/p - Maggie
Aim: Maggie, wielding a +2 broad axe of flaming and wearing +0 steam dragon scales (lightly wounded, 71% to hit)
The bolt of light hits Maggie!
Maggie is moderately wounded.
Maggie is blinded.
Maggie completely misses you.
You punch Maggie!
Maggie is heavily wounded.
Maggie casts a spell at you. The bolt of fire hits you!
You catch the helpless Maggie completely off-guard!
You punch Maggie! You bite Maggie.
Maggie is severely wounded.
Maggie hits you with a +2 broad axe of flaming!!
Maggie burns you.
You are too injured to fight recklessly!
You punch Maggie!
Maggie is almost dead.
Maggie points at you and mumbles some strange words.
The bolt of fire hits you!!
* * * LOW HITPOINT WARNING * * *
You hit Maggie but do no damage.
Maggie is almost dead.
Maggie hits you with a +2 broad axe of flaming!
* * * LOW HITPOINT WARNING * * *
Maggie burns you.
* * * LOW HITPOINT WARNING * * *
It was a potion of curing.
You feel better.
Maggie hits you with a +2 broad axe of flaming!
You die...

# .# .# ..# #...# ###..#
#...# #....# #...# #@#
... #@####### ...
#.......#
#.################.#
#.#...........# #.#
#####.#...........# #.#
......'<..........# #.#
#####.#...........####.#
......+...........'....#
#####+#...........######


You could see Maggie (blind).

Vanquished Creatures
  2 water moccasins
  An ice beast (D:5)
  2 orc warriors
  A centaur (D:5)
  Blork the orc (D:6)
  A gnoll sergeant (D:6)
  2 scorpions
  3 wights
  An orc priest (D:6)
  5 hounds
  5 jellies
  5 iguanas
  An orc wizard (D:4)
  5 gnolls
  11 adders
  A shadow imp (D:5)
  An ufetubus (D:4)
  2 worms
  21 orcs
  4 ball pythons
  7 endoplasms
  A giant cockroach (D:3)
  9 goblins
  6 hobgoblins
  2 jackals (D:3)
  4 kobolds
  2 quokkas
  3 bats
  A frilled lizard (D:2)
  3 rats
113 creatures vanquished.

Notes
Turn   | Place    | Note
-------+----------+-------------------------------------------
     0 | D:1      | Kenran the Vampire Fighter began the quest for the Orb.
     0 | D:1      | Reached XP level 1. HP: 17/17 MP: 1/1
   393 | D:1      | Reached skill level 3 in Unarmed Combat
   496 | D:2      | Reached XP level 2. HP: 23/23 MP: 2/2
  1013 | D:2      | Reached skill level 4 in Unarmed Combat
  1013 | D:2      | Gained mutation: You are afflicted with vampirism and can
                  | become a bat while bloodless. [Vampire growth]
  1013 | D:2      | Reached XP level 3. HP: 23/28 MP: 3/3
  1318 | D:3      | Reached XP level 4. HP: 29/34 MP: 4/4
  1379 | D:3      | Reached skill level 5 in Unarmed Combat
  1694 | D:4      | Found a sacrificial altar of Ru.
  1719 | D:4      | Became a worshipper of Ru the Awakened
  1747 | D:4      | Reached skill level 6 in Unarmed Combat
  1747 | D:4      | Reached XP level 5. HP: 30/39 MP: 5/5
  2139 | D:4      | Reached skill level 7 in Unarmed Combat
  2139 | D:4      | Reached XP level 6. HP: 22/46 MP: 6/6
  2194 | D:4      | Found a burning altar of Makhleb.
  2575 | D:5      | Entered Level 5 of the Dungeon
  2700 | D:5      | Reached skill level 8 in Unarmed Combat
  2786 | D:4      | Reached XP level 7. HP: 44/51 MP: 7/7
  2845 | D:5      | Found a broken altar of Ashenzari.
  2854 | D:5      | Fell from the grace of Ru
  2854 | D:5      | Became a worshipper of Ashenzari the Shackled
  3029 | D:5      | Reached skill level 9 in Unarmed Combat
  3468 | D:6      | Found a shimmering altar of Xom.
  3822 | D:5      | Found a broken altar of Ashenzari.
  4347 | D:5      | Reached skill level 10 in Unarmed Combat
  4395 | D:5      | Reached XP level 8. HP: 32/60 MP: 8/8
  4581 | D:6      | Found Leinwasm's Armour Boutique.
  4584 | D:6      | Noticed Blork the orc
  4594 | D:6      | Killed Blork the orc
  4672 | D:6      | Reached skill level 5 in Fighting
  4978 | D:6      | Reached skill level 1 in Dodging
  5136 | D:7      | Found a staircase to the Ecumenical Temple.
  5144 | D:7      | Found a runed translucent door.
  5147 | D:7      | Found a basalt altar of Yredelemnul.
  5629 | D:7      | Noticed Maggie
  5637 | D:7      | Slain by Maggie

Illustrated notes

Levels and vault maps discovered:
D:1:      scummos_arrival_forest, layout_basic
D:2:      layout_basic, grunt_decor_fettered
D:3:      layout_basic
D:4:      layout_basic, nicolae_ru_great_annihilating_truth,
          nicolae_overflow_crystal_walls
D:5:      layout_basic, cheibrodos_ashenzari_chains, zin_academy,
          kennysheep_another_room
D:6:      layout_rooms, dk_xom_monty_hall, serial_shops, nicolae_shop_trees,
          grunt_ministairs_6, uniq_blork_the_orc
D:7:      layout_basic, dk_yredelemnul_ordeal, minmay_temple_entry_poolview,
          abandoned_shop, nicolae_nh_ransacked_shop, uniq_maggie

Skill      XL: |  1  2  3  4  5  6  7  8 |
---------------+-------------------------+-----
Unarmed Combat | 3 4 6 7 8 10 | 10.0
Fighting       | 4 5 |  5.0
Shields        | 4 |  4.0
Dodging        | 3 |  3.3
Armour         | 3 |  3.0

Action                     |  1- 3 |  4- 6 |  7- 9 || total
---------------------------+-------+-------+-------++-------
  Melee: Unarmed           |   106 |   177 |   181 ||   464
         Bite              |    13 |    20 |    21 ||    54
  Throw: Dart              |       |       |     7 ||     7
 Invoke: Curse Item        |       |       |     1 ||     1
  Evoke: Wand              |       |     1 |     6 ||     7
    Use: Scroll            |     1 |     3 |     1 ||     5
         Potion            |       |       |     1 ||     1
   Stab: Paralysed         |       |     1 |       ||     1
         Invisible         |       |       |     1 ||     1
 Armour: Scale mail        |    45 |     4 |       ||    49
         Chain mail        |       |    64 |    71 ||   135
  Dodge: Dodged            |    34 |    51 |    49 ||   134
  Block: Buckler           |    18 |    35 |    31 ||    84

Table legend: (Time is in decaauts)
 A = Elapsed time spent in this place.
 B = Non-inter-level travel time spent in this place.
 C = Inter-level travel time spent in this place.
 D = Time resting spent in this place.
 E = Time spent auto-exploring this place.
 F = Levels seen in this place.
 G = Mean time per level.
                   A        B        C        D        E       F      G
               +--------+--------+--------+--------+--------+-----+--------+
         Total |   5600 |   5324 |    276 |    410 |   3609 |   7 |  800.0 |
       Dungeon |   5600 |   5324 |    276 |    410 |   3609 |   7 |  800.0 |
               +--------+--------+--------+--------+--------+-----+--------+

Top non-repeatable levels by time:
     D:5: 1839 daAuts
     D:4: 925 daAuts
     D:6: 643 daAuts
     D:2: 614 daAuts
     D:3: 548 daAuts
     D:1: 521 daAuts
     D:7: 507 daAuts
